 Dungeon Crawl Stone Soup version 0.23.2-1-ga50397a6bc (webtiles) character file.

Game seed: 7464669462427101855

594 Mrkan the Cudgeler (level 7, -3/44 HPs)
             Began as a Gargoyle Fighter on May 14, 2019.
             Was an Initiate of the Shining One.
             Killed by divine providence
             ... invoked by an orc priest
              (15 damage)
             ... on level 4 of the Dungeon.
             The game lasted 00:07:01 (3340 turns).

Mrkan the Cudgeler (Gargoyle Fighter)               Turns: 3340, Time: 00:07:02

Health: -3/44      AC: 11    Str: 20    XL:     7   Next: 39%
Magic:  8/8        EV:  7    Int: 10    God:    the Shining One [......]
Gold:   143        SH:  9    Dex:  9    Spells: 6/6 levels left

rFire    . . .     SeeInvis .   a - +1 flail
rCold    . . .     Gourm    .   c - +0 shield
rNeg     + . .     Faith    .   b - +0 scale mail
rPois    ∞         Spirit   .   (no helmet)
rElec    +         Reflect  .   (no cloak)
rCorr    .         Harm     .   (no gloves)
MR       .....                  (no boots)
Stlth    ..........             (no amulet)
HPRegen  0.14/turn              (no ring)
MPRegen  0.11/turn              (no ring)

@: glowing
A: negative energy resistance 1, electricity resistance, unbreathing,
petrification resistance, rot immunity, AC +4
a: Renounce Religion


You were on level 4 of the Dungeon.
You worshipped the Shining One.
The Shining One was noncommittal.
You were hungry.

You visited 1 branch of the dungeon, and saw 4 of its levels.

You collected 143 gold pieces.

Inventory:

Hand Weapons
 a - a +1 flail (weapon)
Armour
 b - a +0 scale mail (worn)
 c - a +0 shield (worn)
Wands
 p - a wand of acid (10)
 w - a wand of iceblast (5)
Scrolls
 e - 3 scrolls of enchant weapon
 g - a scroll of teleportation
 j - 2 scrolls of remove curse {unknown}
 k - 4 scrolls of identify
 o - a scroll of magic mapping {unknown}
 q - a scroll of amnesia {unknown}
 r - a scroll of fog {unknown}
 x - a scroll of blinking {unknown}
Potions
 d - 3 potions of might
 h - a potion of heal wounds {unknown}
 i - 3 potions of degeneration {unknown}
 l - 5 potions of curing
 m - 2 potions of resistance
 n - 2 potions of ambrosia {unknown}
 s - a potion of brilliance {unknown}
 t - a potion of haste {unknown}
 u - a potion of flight {unknown}
 v - 2 potions of berserk rage {unknown}
Comestibles
 f - 7 rations


   Skills:
 + Level 4.9 Fighting
 * Level 5.2 Maces & Flails
 - Level 4.0 Armour
 + Level 5.0 Shields
 + Level 2.6 Invocations


You had 6 spell levels left.
You didn't know any spells.
Your spell library was empty.

Dungeon Overview and Level Annotations

Branches:
Dungeon (4/15)
 Temple: D:4-7

Altars:
Ru
The Shining One

Shops:
D:4 ?%*:

Annotations:
D:4 Menkaure


Innate Abilities, Weirdness & Mutations

You are resistant to torment.
Your stone body is resilient. (AC +4)
You are immune to poison.
You resist negative energy. (rN+)
You are resistant to electric shocks. (rElec)
You can survive without breathing.
You are immune to petrification.
You are immune to rotting.


Message History

Menkaure gestures wildly while chanting.
Menkaure seems to speed up.
An orc priest comes into view. It is wielding a +0 hand axe.
Menkaure hits you!
You hit Menkaure.
Menkaure is moderately damaged.
Menkaure calls on the powers of darkness!
Your body is wracked with pain!
* * * LOW HITPOINT WARNING * * *
The orc priest convulses!
Menkaure barely misses you. The orc priest barely misses you.
You block Menkaure's attack.
The orc priest calls down the wrath of Beogh upon you.
You struggle to resist.
The orc priest looks braver for a moment.
Menkaure hits you.
* * * LOW HITPOINT WARNING * * *
The orc priest mumbles some strange prayers to Beogh against you.
Beogh smites you!
You die...

#.###### #.......
########.######
#......#.#
#.####.#.# #)#
#.#.#
####.####.#.######
#......##.#.##...#
#@##......#.##....
#.####.###...#...#
#M# #..........##
#.# #####...####
#.# ##.##
##o#########.#
#.....))..##.#
#..######.##+#
#..#### .#


You could see Menkaure and an orc priest.

Vanquished Creatures
  A centaur (D:4)
  A scorpion (D:2)
  An orc priest (D:3)
  Jessica (D:2)
  7 orc wizards
  A worker ant (D:4)
  A gnoll (D:1)
  5 adders
  An ooze (D:1)
  10 worms
  A dart slug (D:3)
  4 leopard geckos
  19 orcs
  2 ball pythons (D:1)
  8 giant cockroaches
  10 goblins
  6 hobgoblins
  2 jackals (D:3)
  4 kobolds
  8 bats
  3 frilled lizards (D:3)
  5 rats
101 creatures vanquished.

Notes
Turn   | Place    | Note
-------+----------+-------------------------------------------
     0 | D:1      | Mrkan the Gargoyle Fighter began the quest for the Orb.
     0 | D:1      | Reached XP level 1. HP: 14/14 MP: 1/1
    71 | D:1      | Reached XP level 2. HP: 12/19 MP: 2/2
   126 | D:1      | Reached XP level 3. HP: 18/23 MP: 3/3
   599 | D:2      | Noticed Jessica
   603 | D:2      | Killed Jessica
   603 | D:2      | Reached XP level 4. HP: 27/29 MP: 4/4
   747 | D:2      | Found a glowing golden altar of the Shining One.
   757 | D:2      | Became a worshipper of the Shining One
   784 | D:2      | Reached XP level 5. HP: 23/33 MP: 5/5
  1487 | D:3      | Reached skill level 1 in Invocations
  1489 | D:3      | Found a sacrificial altar of Ru.
  1781 | D:3      | Reached XP level 6. HP: 30/39 MP: 5/7
  2613 | D:4      | Found Lunnifeu's Book Shoppe.
  2820 | D:4      | Reached XP level 7. HP: 36/44 MP: 8/8
  2831 | D:4      | Found Bucot's Magic Scroll Shoppe.
  2849 | D:4      | Reached skill level 5 in Maces & Flails
  2861 | D:4      | Found Unulumu's Food Shop.
  2995 | D:4      | Found Cunomn's General Store.
  3313 | D:4      | Noticed Menkaure
  3325 | D:4      | Reached skill level 5 in Shields
  3340 | D:4      | Killed from afar by an orc priest

Skill      XL: |  1  2  3  4  5  6  7 |
---------------+----------------------+-----
Maces & Flails | 3 4 5 |  5.2
Fighting       | 4 |  4.9
Armour         | 4 |  4.0
Shields        | 4 5 |  5.0
Invocations    | 1 2 |  2.6

Action                   |  1- 3 |  4- 6 |  7- 9 || total
-------------------------+-------+-------+-------++-------
Melee: Flail             |    59 |   293 |    39 ||   391
  Use: Scroll            |       |     3 |       ||     3
  Eat: Chunk             |       |     7 |     1 ||     8
Armor: Scale mail        |    29 |   205 |    17 ||   251
Dodge: Dodged            |    29 |    98 |    11 ||   138
Block: Shield            |    39 |   189 |    15 ||   243
